AoeStats
← CazadorGT

Nomad

507146114Analyzed
4v4 RM · 16d ago on Sep 16, 2026· 27m 25s· 8 players
Game mode
Random Map
Map size
231×231
Population
200
Speed
Normal
Resources
Standard
Victory
Conquest
Starting age
Dark Age
Ending age
Imperial Age
RankedLock teamsTeams togetherTeam positionsShared explorationLock speedFull tech treeHidden civsTurbo modeCheats
Victory
Defeat
🇨🇴 Romans · Colombia
1122
+15
🇬🇹 Malians · Guatemala
1118
+15
🇺🇸 Vietnamese · United States
1081
+16
🇧🇷 Khmer · Brazil
1055
+17
🇲🇽 Spanish · Mexico
1151
-17
🇦🇷 Georgians · Argentina
1086
-16
🇫🇮 Goths · Finland
1083
-16
🇺🇸 Celts · United States
1038
-14
Kazule
5:06 Loom
14:37 Feudal Age
19:20 Castle Age
CazadorGT
4:43 Loom
13:21 Feudal Age
16:26 Wheelbarrow
15:54 Fletching
18:56 Double-Bit Axe
25:03 Castle Age
24:39 Padded Archer Armor
25:17 Crossbowman
25:53 Bodkin Arrow
TT
3:39 Loom
16:17 Feudal Age
17:22 Town Watch
17:24 Horse Collar
17:34 Double-Bit Axe
21:25 Castle Age
25:01 Bloodlines
28:33 Imperial Age
27:24 Husbandry
Chuterr
4:32 Loom
15:27 Feudal Age
15:41 Man-at-Arms
16:46 Double-Bit Axe
18:01 Horse Collar
18:49 Fishing Lines
19:57 Fletching
20:09 Scale Mail Armor
24:54 Forging
28:42 Castle Age
eduhaas
11:13 Loom
15:59 Feudal Age
21:13 Castle Age
Bandit
8:31 Loom
14:46 Feudal Age
14:50 Man-at-Arms
16:05 Double-Bit Axe
17:16 Arson
17:52 Horse Collar
18:15 Town Watch
23:13 Castle Age
22:03 Forging
23:36 Long Swordsman
25:11 Stone Mining
26:27 Scale Mail Armor
27:31 Iron Casting
WihtoriKosola
13:31 Loom
15:47 Feudal Age
15:53 Feudal Age
16:00 Man-at-Arms
16:46 Double-Bit Axe
16:42 Horse Collar
25:17 Fletching
29:14 Castle Age
Mauribruno
13:36 Feudal Age
15:24 Fishing Lines
17:06 Loom
17:17 Stone Mining
17:13 Double-Bit Axe
17:18 Gold Mining
20:19 Castle Age
18:37 Horse Collar
22:11 Wheelbarrow
Connection lost

Rejoining the realm…

Still unreachable

The connection could not be restored.

Session expired

The server has moved on; the page needs a fresh start.